cohdb
Replays
Latest Replays
All Replays
Popular Replays
Top Player Replays
Match Explorer
How It Works
Community
CoH3 Stats
Reddit
Sign in to upload your games and track your stats! →
Sign in with Steam
Match 45521275
Unlisted
Match 45521275
Overview
Messages
Build Orders
End
Kradschützen Motorcycle Team
Panzergrenadier Squad
250 Light Carrier
Construct Light Support Kompanie
Panzerpioneer Squad
Panzerpioneer Squad
Combat Half-tracks
Fire Support Elements
Veteran Squad Leaders
Selects Battlefield Espionage Battlegroup
Selects Intel Disruption Beacon
2.5-tonne Medical Truck
Selects 250/3 Funkpanzerwagen
Pak 38 Mechanized Group
Construct Panzerarmee Kommand
Panzerpioneer Squad
Vehicle Survival Package
Panzer III L Medium Tank
Rapid Advance
Selects Anti-Tank Incendiary Munitions
Panzer III L Medium Tank
Kanade
Tiensin
Retlocke
~Inquisition~
0
0
Comments
sign in to comment!
No comments posted yet!